Match 48120786
Unlisted

Match 48120786
End
Pioneer Squad
Construct Infanterie Kompanie
Selects Luftwaffe Battlegroup
Selects Luftwaffe Pioneer Support
Fallschirmpioneer Squad Paradrop
Grenadier Squad
Grenadier Squad
Construct Luftwaffe Kompanie
Selects LG40 Recoilless Gun Paradrop
221 Scout Car
Medical Station
Construct Panzer Kompanie
Jäger Squad
Stoßtruppen Squad
Selects Infantry Reserves
Panzer IV Medium Tank
Panzer IV Medium Tank
Stoßtruppen Squad
Selects Stuka Strafing Run
Selects Fallschirmjäger Squad Paradrop
Panzer Officer Quarters
Pioneer Squad
Selects Stuka Loiter
Stuka Loiter
Sturmpanzer IV Brummbär
Stana
MasterStef
0
0

Comments sign in to comment!

No comments posted yet!